 Dungeon Crawl Stone Soup version 0.26-a0-663-g36e8fdb655 (webtiles) character file.

Game seed: 16195943225320919216

104 grandjackal the Slasher (level 4, -3/52 HPs)
             Began as a Demonspawn Gladiator on Oct 11, 2020.
             Killed from afar by Ijyb (11 damage)
             ... with a bolt of acid
             ... on level 3 of the Dungeon.
             The game lasted 00:03:29 (2884 turns).

grandjackal the Slasher (Demonspawn Gladiator)      Turns: 2884, Time: 00:03:30

Health: -3/52      AC: 22    Str: 16    XL:     4   Next: 52%
Magic:  4/4        EV:  2    Int:  9    God:
Gold:   87         SH:  0    Dex: 14    Spells: 3/3 levels left

rFire    . . .     SeeInvis .   a - +0 long sword
rCold    + . .     Faith    .   (no shield)
rNeg     + + +     Spirit   .   (armour currently unavailable)
rPois    +         Reflect  .   (helmet currently unavailable)
rElec    .         Harm     .   (cloak currently unavailable)
rCorr    .         Rampage  .   (gloves currently unavailable)
MR       .....     NoTele   +   (boots currently unavailable)
Stlth    +.........             (no amulet)
HPRegen  0.17/turn              g - ring of protection from cold
MPRegen  0.09/turn              (no ring)

@: tree-form
A: rot immunity
a: no special abilities


You were on level 3 of the Dungeon.
You were a tree.
You visited 1 branch of the dungeon, and saw 3 of its levels.

You collected 87 gold pieces.

Inventory:

Hand Weapons
 a - a +0 long sword (weapon)
Missiles
 d - 3 throwing nets (quivered)
Armour
 c - a +0 helmet (melded)
 o - a cursed +0 ring mail (melded)
Jewellery
 g - a ring of protection from cold (left branch)
 j - an uncursed amulet of faith {unknown}
Scrolls
 e - a scroll of identify {unknown}
 f - a scroll of blinking {unknown}
 h - a scroll of enchant weapon {unknown}
 i - 2 scrolls of teleportation {unknown}
 k - a scroll of amnesia {unknown}
 m - a scroll of magic mapping {unknown}
 n - a scroll of remove curse {unknown}


   Skills:
 + Level 3.1 Fighting
 + Level 3.5 Long Blades
 - Level 1.7 Throwing
 + Level 3.5 Dodging


You had 3 spell levels left.
You didn't know any spells.
Your spell library was empty.

Dungeon Overview and Level Annotations

Branches:
Dungeon (3/15)

Altars:

Annotations:
D:3 Ijyb


Innate Abilities, Weirdness & Mutations

You are immune to rotting.
((When seriously injured, your bleeding wounds create armour. (AC +0)))


Message History

Ijyb is heavily wounded.
Ijyb hits you but does no damage. The kobold hits you but does no damage.
The hobgoblin hits you but does no damage.
Unknown command.
You hit Ijyb but do no damage.
Ijyb is heavily wounded.
Ijyb hits you but does no damage. The kobold barely misses you.
The hobgoblin barely misses you.
You barely miss Ijyb.
Ijyb is heavily wounded.
The kobold hits you but does no damage. Ijyb screams, "I no like you!"
Ijyb hits you but does no damage.
The hobgoblin hits you but does no damage.
Unknown command.
You barely miss Ijyb.
Ijyb is heavily wounded.
The kobold hits you but does no damage.
Ijyb zaps a wand.
The bolt of acid hits you!
You die...

#. # ####. #..# ### #
.....###..# #...
..#......##..#
.....(.....# #.........#
#........# ####..K.....#
....(Sg♣...(####
......g........#########
......##....#..........#
...... #.#....(.######..
..... #.#..##..#.......
..... #.##.###.(..#####
.... ...... #..#.# ##.#
....!.....#.#
>..####..#..


You could see Ijyb, an adder, a hobgoblin and a kobold.

Vanquished Creatures
  Robin (D:3)
  An adder (D:2)
  An ooze (D:2)
  A worm (D:3)
  A dart slug (D:2)
  A leopard gecko (D:1)
  An orc (D:3)
  6 giant cockroaches
  16 goblins
  7 hobgoblins
  7 jackals (D:1)
  11 kobolds
  A bat (D:1)
  5 frilled lizards
  5 rats
65 creatures vanquished.

Notes
Turn   | Place    | Note
-------+----------+-------------------------------------------
     0 | D:1      | grandjackal the Demonspawn Gladiator began the quest for
                  | the Orb.
     0 | D:1      | Reached XP level 1. HP: 16/16 MP: 1/1
   224 | D:1      | Gained mutation: When seriously injured, your bleeding
                  | wounds create armour. (AC +0) [demonic ancestry]
   224 | D:1      | Reached XP level 2. HP: 22/22 MP: 2/2
   792 | D:1      | Reached XP level 3. HP: 16/28 MP: 3/3
  2281 | D:3      | Noticed Robin
  2286 | D:3      | Gained mutation: You are immune to rotting. [demonic
                  | ancestry]
  2286 | D:3      | Reached XP level 4. HP: 35/35 MP: 4/4
  2295 | D:3      | Killed Robin
  2867 | D:3      | Noticed Ijyb
  2884 | D:3      | Killed from afar by Ijyb

Illustrated notes

Levels and vault maps discovered:
D:1:      minmay_arrival_three_doors, layout_rooms, minmay_pentomino_x4
D:2:      layout_basic, interstate_on_off
D:3:      layout_rooms, minitemple, serial_glass, glass_columns_a,
          glass_columns_b, uniq_sigmund, uniq_robin, uniq_ijyb

Skill      XL: |  1  2  3 |
---------------+----------+-----
Long Blades    | 3 |  3.5
Dodging        | 3 |  3.5
Fighting       | 3 |  3.1
Throwing       | |  1.7

Action                   |  1- 3 |  4- 6 || total
-------------------------+-------+-------++-------
Melee: Long sword        |   139 |    56 ||   195
  Use: Potion            |       |     1 ||     1
Armor: Leather armour    |    63 |       ||    63
       Ring mail         |     1 |    30 ||    31
       Skin              |       |    11 ||    11
Dodge: Dodged            |   166 |    47 ||   213
       Rpst.: Long sword |    52 |    14 ||    66

Table legend: (Time is in decaauts)
 A = Elapsed time spent in this place.
 B = Non-inter-level travel time spent in this place.
 C = Inter-level travel time spent in this place.
 D = Time resting spent in this place.
 E = Time spent auto-exploring this place.
 F = Levels seen in this place.
 G = Mean time per level.
                   A        B        C        D        E       F      G
               +--------+--------+--------+--------+--------+-----+--------+
         Total |   2929 |   2862 |     67 |   1201 |   1238 |   3 |  976.3 |
       Dungeon |   2929 |   2862 |     67 |   1201 |   1238 |   3 |  976.3 |
               +--------+--------+--------+--------+--------+-----+--------+

Top non-repeatable levels by time:
     D:2: 1501 daAuts
     D:1: 1099 daAuts
     D:3: 328 daAuts
